 Dungeon Crawl Stone Soup version 0.31-a0-1589-g8f5e8aebd6 (webtiles) character file.

Game seed: 2162621072802300193

8425 case the Carver (level 11, -8/99 HPs)
             Began as a Minotaur Berserker on Jan 6, 2024.
             Was an Elder of Trog.
             Mangled by Erolcha
             ... wielding a +0 giant club
              (26 damage)
             ... on level 8 of the Dungeon.
             The game lasted 00:13:43 (8904 turns).

case the Carver (Minotaur Berserker)                Turns: 8904, Time: 00:13:43

Health: -8/99      AC: 14    Str: 38      XL:     11   Next: 9%
Magic:  3/3        EV: 11    Int:  4      God:    Trog [****..]
Gold:   501        SH:  0    Dex:  9 (10) Spells: 10/10 levels left

rFire   + . .        J - +5 dire flail "Luihifal" {antimagic, rF+ Str+6}
rCold   . . .        (shield currently unavailable)
rNeg    . . .        A - +0 ring mail {Will+}
rPois   .            M - +2 hat
rElec   .            (no cloak)
rCorr   .            u - +0 pair of gloves
SInv    .            (no boots)
Will    +++..        (no amulet) Stlth
                     I - +6 ring of strength
HPRegen 1.36/turn    p - +4 ring of protection
MPRegen 0.08/turn

%: no passive effects
@: strong-willed, on berserk cooldown, regenerating, slowed, very slow
A: horns 2, retaliatory headbutt
a: Renounce Religion, Berserk, Trog's Hand, Brothers in Arms


You were on level 8 of the Dungeon.
You worshipped Trog.
Trog was greatly pleased with you.
You visited 1 branch of the dungeon, and saw 9 of its levels.

You collected 501 gold pieces.

Inventory:

Hand Weapons
 m - a +1 dagger of venom
 w - a +2 demon blade of venom
 J - the +5 dire flail "Luihifal" (weapon) {antimagic, rF+ Str+6}
   (Trog gifted it to you on level 8 of the Dungeon)

   Str+6:     It affects your strength (+6).
   rF+:       It protects you from fire.
Armour
 h - a +0 plate armour
 u - a +0 pair of gloves (worn)
 A - a +0 ring mail of willpower (worn)
 M - a +2 hat (worn)
Jewellery
 k - a ring of resist corrosion
 p - a +4 ring of protection (right hand)
 H - a +5 ring of evasion
 I - a +6 ring of strength (left hand)
Wands
 y - a wand of charming (11)
 B - a wand of iceblast (11)
 C - a wand of light (24)
 K - a wand of mindburst (10)
Scrolls
 b - a scroll of enchant weapon {unknown}
 f - a scroll of brand weapon {unknown}
 j - 2 scrolls of blinking
 l - 2 scrolls of fear {unknown}
 r - 2 scrolls of poison {unknown}
 s - 2 scrolls of revelation {unknown}
 t - 6 scrolls of teleportation {unknown}
 v - a scroll of vulnerability {unknown}
 D - a scroll of silence {unknown}
 F - 4 scrolls of identify
Potions
 c - a potion of lignification {unknown}
 d - 2 potions of invisibility
 e - a potion of magic {unknown}
 g - a potion of resistance {unknown}
 i - 5 potions of curing
 n - 2 potions of enlightenment
 o - 4 potions of brilliance
 q - a potion of cancellation {unknown}
 x - a potion of haste {unknown}
 z - a potion of heal wounds {unknown}
 E - 2 potions of mutation {unknown}
 G - a potion of might {unknown}


   Skills:
 - Level 9.9 Fighting
 - Level 14.3 Long Blades
 - Level 6.7(7.2) Axes
 * Level 3.7(5.7) Maces & Flails
 - Level 9.4 Armour
 - Level 2.1 Dodging


You had 10 spell levels left.
You didn't know any spells.
Your spell library was empty.

Dungeon Overview and Level Annotations

Branches:
Dungeon (9/15)             Temple (0/1) D:5
   Lair: D:8-11         Orc: D:9-12

Altars:
Ashenzari
Elyvilon
Gozag
Yredelemnul
Zin
The Shining One

Shops:
D:3 (

Annotations:
D:8 Erolcha


Innate Abilities, Weirdness & Mutations

You have a pair of horns on your head.
You reflexively headbutt those who attack you in melee.


Message History

The bullfrog hits you but does no damage.
The killer bee misses you.
You climb upwards.
There is a stone staircase leading down here.
You closely miss the bullfrog. Your headbutt misses the bullfrog.
The bullfrog hits you. Erolcha hits you with a +0 giant club!!
The bullfrog barely misses you. You furiously retaliate!
You headbutt the bullfrog! The bullfrog hits you.
You completely miss Erolcha.
Erolcha is heavily wounded.
The bullfrog hits you but does no damage.
Erolcha barely misses you.
The bullfrog hits you but does no damage.
You barely miss Erolcha.
Erolcha is heavily wounded.
The bullfrog hits you but does no damage.
Erolcha mumbles some strange words.
Erolcha flickers and vanishes!
Deactivating autopickup; reactivate with Ctrl-A.
The bullfrog hits you but does no damage.
Something hits you.
You puncture something!
The bullfrog hits you but does no damage. x2
Something hits you.
You barely miss something. The bullfrog barely misses you.
The bullfrog hits you! The bullfrog hits you. Something hits you.
You barely miss something.
The bullfrog hits you but does no damage.
The bullfrog barely misses you. Something hits you!
You're still recovering from your berserk rage.
You thump something! You headbutt something!
The bullfrog hits you but does no damage. x2
Something hits you!!
* * * LOW HITPOINT WARNING * * *
You miss something. The bullfrog misses you. You furiously retaliate!
You headbutt the bullfrog!
You kill the bullfrog!
Trog accepts your kill. Something hits you!!
You die...

#...P#######.#.......#...#.#
#.P..#....................##
#######...#.#.....#.......###.###
#.......#......∩...........##.###
#.#####...###.......#####........
#[# ##.####.......# #..##.### #.#
#<...........# #.###.# #
#.############.####[# #.# #.#
#♣).....# #.†@{y)#####.# #.###
♣♣...#.# ######.(.....# #....
#♣♣..##.# ####..### #####
#....##.# #..# ##..###.#
#..###### ##.....# #..##...#
#####.# #.......# #.# #.###...#
#.# #.# ##.##


You could see a killer bee.

Vanquished Creatures
  2 two-headed ogres
  The ghost of Sonofthefire the Mimic, a novice DrSh (D:8)
  Pikel (D:8)
  Jeremiah (D:6)
  Maggie (D:8)
  2 hornets
  A wyvern (D:8)
  A spriggan (D:8)
  6 yaks (D:8)
  2 steam dragons
  Grum (D:8)
  Edmund (D:5)
  An acid dragon (D:7)
  Duvessa (D:5)
  A sky beast (D:6)
  2 orc warriors
  3 ice beasts
  3 wolves (D:8)
  3 ogres
  A centaur (D:8)
  3 lemures (D:8)
  A phantom (D:6)
  5 bullfrogs
  5 scorpions
  8 wights
  Dowan (D:5)
  5 killer bees
  4 bombardier beetles
  A quasit (D:8)
  A jelly (D:5)
  2 orc priests (D:6)
  4 hounds
  Ijyb (D:5)
  3 iguanas
  A sleepcap (D:5)
  6 orc wizards
  10 adders
  7 river rats (D:5)
  3 shadow imps (D:8)
  4 white imps
  3 ufetubi (D:8)
  2 dart slugs
  28 orcs
  7 ball pythons
  10 endoplasms
  6 giant cockroaches
  9 goblins
  11 hobgoblins
  10 kobolds
  9 quokkas
  8 bats
  3 frilled lizards
  2 hobgoblin zombies (D:7)
  3 kobold skeletons (D:7)
  4 kobold zombies (D:7)
  16 rats
241 creatures vanquished.

Vanquished Creatures (others)
  A quokka (D:5)
1 creature vanquished.

Grand Total: 242 creatures vanquished

Notes
Turn   | Place    | Note
-------+----------+-------------------------------------------
     0 | D:1      | case the Minotaur Berserker began the quest for the Orb.
     0 | D:1      | Reached XP level 1. HP: 19/19 MP: 0/0
   155 | D:1      | Reached XP level 2. HP: 26/26 MP: 1/1
   588 | D:1      | Reached skill level 5 in Axes
   799 | D:2      | Reached XP level 3. HP: 31/31 MP: 2/2
  1157 | D:2      | Reached ** piety under Trog
  1315 | D:2      | Reached XP level 4. HP: 39/39 MP: 3/3
  1871 | D:3      | Found a glowing silver altar of Zin.
  2085 | D:3      | Found Ynyqanae's Antique Weapon Shoppe.
  2331 | D:3      | Reached XP level 5. HP: 42/46 MP: 4/4
  2726 | D:4      | Reached skill level 2 in Long Blades
  2770 | D:4      | Reached skill level 3 in Long Blades
  3034 | D:4      | Reached *** piety under Trog
  3035 | D:4      | Reached XP level 6. HP: 52/52 MP: 5/5
  3175 | D:5      | Entered Level 5 of the Dungeon
  3175 | D:5      | Found an opulent altar of Gozag.
  3206 | D:5      | Reached skill level 4 in Long Blades
  3263 | D:5      | Found a staircase to the Ecumenical Temple.
  3291 | D:5      | Reached skill level 5 in Long Blades
  3328 | D:5      | Noticed Ijyb
  3340 | D:5      | Killed Ijyb
  3471 | D:5      | Found a broken altar of Ashenzari.
  3625 | D:5      | Reached skill level 6 in Long Blades
  3695 | D:5      | Noticed Dowan
  3695 | D:5      | Noticed Duvessa
  3706 | D:5      | Killed Duvessa
  3707 | D:5      | Reached XP level 7. HP: 58/58 MP: 6/6
  3707 | D:5      | Killed Dowan
  3708 | D:5      | Reached skill level 7 in Long Blades
  3934 | D:5      | Noticed Edmund
  3944 | D:5      | Killed Edmund
  4120 | D:5      | Reached skill level 8 in Long Blades
  4299 | D:5      | Reached skill level 9 in Long Blades
  4309 | D:5      | Reached XP level 8. HP: 37/66 MP: 7/7
  4324 | D:5      | Reached **** piety under Trog
  4601 | D:5      | You fall into a shaft and drop 2 floors!
  4614 | D:6      | Noticed Jeremiah
  4629 | D:6      | Killed Jeremiah
  4630 | D:6      | Reached skill level 10 in Long Blades
  4632 | D:6      | Reached skill level 11 in Long Blades
  4998 | D:6      | Reached skill level 12 in Long Blades
  5311 | D:6      | Noticed a two-headed ogre
  5338 | D:6      | Killed a two-headed ogre
  5339 | D:6      | Reached skill level 13 in Long Blades
  5339 | D:6      | Reached XP level 9. HP: 12/71 MP: 8/8
  5969 | D:6      | Found a white marble altar of Elyvilon.
  6082 | D:6      | Reached skill level 14 in Long Blades
  6515 | D:6      | Found a basalt altar of Yredelemnul.
  6734 | D:7      | Reached skill level 5 in Fighting
  6870 | D:7      | Reached skill level 5 in Armour
  6900 | D:7      | Found a glowing golden altar of the Shining One.
  7301 | D:7      | Reached XP level 10. HP: 74/83 MP: 9/9
  7677 | D:8      | Noticed Grum
  7690 | D:8      | Noticed a two-headed ogre
  7700 | D:8      | Paralysed by a hornet for 1 turns
  7705 | D:8      | Killed a two-headed ogre
  7709 | D:8      | Killed Grum
  7978 | D:8      | Reached ***** piety under Trog
  8131 | D:8      | Noticed Pikel
  8154 | D:8      | Killed Pikel
  8207 | D:8      | Found a runed translucent gate.
  8208 | D:8      | Found a runed translucent gate.
  8209 | D:8      | Found a runed translucent gate.
  8211 | D:8      | Noticed Sonofthefire's ghost (novice DrSh)
  8222 | D:8      | Identified the +5 dire flail "Luihifal" {antimagic, rF+
                  | Str+6} (Trog gifted it to you on level 8 of the Dungeon)
  8222 | D:8      | Received a gift from Trog
  8235 | D:8      | Killed Sonofthefire's ghost
  8238 | D:8      | Identified the +1 trident of Nyotu {holy, rElec}
  8345 | D:8      | Noticed Maggie
  8354 | D:8      | Killed Maggie
  8355 | D:8      | Reached skill level 1 in Maces & Flails
  8355 | D:8      | Reached XP level 11. HP: 65/99 MP: 3/10
  8872 | D:9      | Paralysed by a hornet for 1 turns
  8889 | D:9      | Noticed Erolcha
  8904 | D:8      | Mangled by Erolcha

Illustrated notes

Levels and vault maps discovered:
D:1:      lemuel_arrival_tunnels, layout_loops_corners, reono_crystal_passage
D:2:      layout_basic
D:3:      layout_loops_ring, lemuel_round_altar, serial_shops, shop
D:4:      layout_loops_ring, minmay_bent
D:5:      lemuel_ratsnest, layout_basic, mainiacjoe_overflow_tiny_flanked,
          ashenzari_conservatory_becter, minmay_temple_entry_wispy, uniq_ijyb,
          uniq_duvessa, uniq_edmund
D:6:      layout_layer_cave, kennysheep_ying_yang, dk_rats_in_the_wall,
          uniq_jeremiah
D:7:      layout_basic, nicolae_tso_besieged_by_evil, hangedman_decor_riveting
D:8:      layout_loops_ring, serial_demonic, serial_demonic_d, serial_demonic_b,
          serial_demonic_e, serial_demonic_b, ebering_ghost_rock_garden,
          minmay_strange_pillars, the_hattery, uniq_maggie, uniq_pikel,
          uniq_grum
D:9:      layout_rooms, dpeg_lair_monsters, serial_shops,
          nicolae_shop_back_alley_shop, amethyst_killhole, st_stairs_3,
          nrook_campfire, uniq_erolcha

Skill      XL: |  1  2  3  4  5  6  7  8  9 10 11 |
---------------+----------------------------------+-----
Axes           | 4 5 6 |  6.7
Long Blades    | 3 6 9 13 14 | 14.3
Fighting       | 6 9 |  9.9
Armour         | 5 9 |  9.4
Maces & Flails | 1 3 |  3.7
Dodging        | |  2.1

Action                     |  1- 3 |  4- 6 |  7- 9 | 10-12 || total
---------------------------+-------+-------+-------+-------++-------
  Melee: Hand axe          |    74 |    58 |       |       ||   132
         Headbutt          |    10 |    27 |    45 |    29 ||   111
         Punch             |     1 |       |     2 |     1 ||     4
         Demon blade       |       |    83 |   255 |   103 ||   441
         Dire flail        |       |       |       |    41 ||    41
 Invoke: Berserk           |       |       |     2 |     4 ||     6
         Trog's Hand       |       |       |       |     2 ||     2
    Use: Scroll            |       |       |     5 |       ||     5
 Armour: Animal skin       |    18 |       |       |       ||    18
         Plate armour      |    19 |   100 |       |       ||   119
         Ring mail         |       |       |   144 |   118 ||   262
  Dodge: Dodged            |    51 |    45 |   115 |    92 ||   303

Table legend: (Time is in decaauts)
 A = Elapsed time spent in this place.
 B = Non-inter-level travel time spent in this place.
 C = Inter-level travel time spent in this place.
 D = Time resting spent in this place.
 E = Time spent auto-exploring this place.
 F = Levels seen in this place.
 G = Mean time per level.
                   A        B        C        D        E       F      G
               +--------+--------+--------+--------+--------+-----+--------+
         Total |   8865 |   8553 |    312 |    264 |   6837 |   9 |  985.0 |
       Dungeon |   8865 |   8553 |    312 |    264 |   6837 |   9 |  985.0 |
               +--------+--------+--------+--------+--------+-----+--------+

Top non-repeatable levels by time:
     D:5: 1761 daAuts
     D:6: 1658 daAuts
     D:8: 1374 daAuts
     D:1: 1138 daAuts
     D:7: 855 daAuts
     D:3: 733 daAuts
     D:4: 674 daAuts
     D:2: 636 daAuts
     D:9: 33 daAuts
